Map: Whispers of Gold

Players

wootwoot - Winner!

  • Race: Protoss Protoss
  • League: Diamond
  • Spawn Location: 9:00

Dedication

  • Race: Terran Terran
  • League: Diamond
  • Spawn Location: 5:00

VOD

Have the link to the VOD?

Description

Time

  • Played on: April 3, 2025, 12:23 a.m.
  • Length: 3:29
Show
View Real Time Build Order
Export as new Build Order

wootwoot Protoss - Winner!

Build Orders:  

Get SALT Encoding   

  12  0:00  Probe  
  13  0:13  Probe  
  14  0:18  Pylon  
  14  0:25  Probe  
  15  0:37  Gateway  
  15  0:42  Assimilator  
  15  0:50  Pylon  
  15  1:09  Gateway  
  15  1:16  Gateway  
  15  1:31  Cybernetics Core  
  15  1:35  Probe  
  16  1:47  Probe  
  17  1:55  Stalker x2  
  21  2:21  Stalker x2  
  25  2:50  Probe  
  24  2:54  Pylon  
  24  3:02  Probe  
  25  3:14  Probe  
Show
View Real Time Build Order
Export as new Build Order

Dedication Terran 

Build Orders: Reaper Expand 

Get SALT Encoding   

  12  0:00  SCV  
  13  0:12  SCV  
  14  0:17  Supply Depot  
  14  0:24  SCV  
  15  0:39  SCV  
  15  0:40  Barracks  
  16  0:45  Refinery  
  16  0:51  SCV  
  17  1:03  SCV  
  18  1:15  SCV  
  19  1:27  Reaper  
  19  1:28  Orbital Command  
  20  1:47  Command Center  
  20  1:59  Marine  
  21  2:04  Bunker  
  22  2:11  Supply Depot  
  22  2:13  Supply Depot  
  21  2:17  Marine  
  22  2:24  SCV  
  23  2:34  Bunker  
  23  2:35  Marine  
  21  2:51  Factory  
  20  2:53  Marine  
  17  3:15  Bunker  
  17  3:16  SCV  
Tags
 
Add a new tag
Caveats
  • Supply blocks, unpowered buildings, or Contaminate may cause inaccurate times.
  • Supply counts are checked every 10 seconds.